 Dungeon Crawl Stone Soup version 0.18-a0-1702-gd20c6a5 (webtiles) character file.

682 dvd the Shield-Bearer (level 7, -1/59 HPs)
             Began as a Demigod Fighter on Apr 7, 2016.
             Slain by Menkaure (11 damage)
             ... on level 5 of the Dungeon.
             The game lasted 00:08:10 (3284 turns).

dvd the Shield-Bearer (Demigod Fighter)             Turns: 3284, Time: 00:08:11

Health: -1/59      AC: 11    Str: 21    XL:     7   Next: 12%
Magic:  9/9        EV:  7    Int: 12    God:
Gold:   153        SH: 10    Dex: 17    Spells: 0 memorised, 6 levels left

rFire  . . .     SeeInvis .     a - +0 war axe
rCold  . . .     Gourm    .     m - +0 chain mail
rNeg   . . .     Faith    .     c - +0 shield
rPois  .         Spirit   .     (no helmet)
rElec  .         Dismiss  .     (no cloak)
rCorr  .         Reflect  .     w - +0 pair of gloves
SustAt +         Harm     .     i - +0 pair of boots
MR     .....                    (no amulet)
Stlth  ..........               (no ring)
                                B - ring of wizardry

@: not resistant to hostile enchantments, extremely unstealthy
A: high mp 1, sustain attributes
a: no special abilities


You were on level 5 of the Dungeon.
You were hungry.

You visited 1 branch of the dungeon, and saw 5 of its levels.

You collected 153 gold pieces.

Inventory:

Hand Weapons
 a - a +0 war axe (weapon)
 F - a +0 morningstar
 I - a +2 short sword of speed
Missiles
 C - 3 tomahawks (quivered)
Armour
 b - a +0 scale mail
 c - a +0 shield (worn)
 i - a +0 pair of boots (worn)
 m - a +0 chain mail (worn)
 v - a +0 plate armour
 w - a +0 pair of gloves (worn)
 D - a +0 pair of boots
Jewellery
 B - a ring of wizardry (left hand)
Scrolls
 e - 6 scrolls of teleportation {unknown}
 k - 3 scrolls of identify {unknown}
 p - a scroll of enchant armour {unknown}
 q - a scroll of magic mapping {unknown}
 t - 4 scrolls of remove curse {unknown}
 u - a scroll of enchant weapon {unknown}
 x - 4 scrolls of immolation {unknown}
 y - 3 scrolls of amnesia {unknown}
Potions
 d - 2 potions of might
 g - a potion of magic {unknown}
 h - a potion of brilliance {unknown}
 j - a potion of experience {unknown}
 o - 2 potions of haste {unknown}
 r - 2 potions of flight {unknown}
 z - a potion of beneficial mutation {unknown}
 A - 2 potions of curing {unknown}
 E - a potion of degeneration {unknown}
Books
 G - Kikubaaqudgha's Volume of Darkness
   (You found it on level 5 of the Dungeon)

   Spells                             Type                      Level
   a - Animate Skeleton               Necromancy                   1
Comestibles
 f - 3 bread rations
 n - 2 meat rations
 s - a beef jerky
 H - a chunk of flesh


   Skills:
 + Level 4.2 Fighting
 + Level 3.6(3.7) Axes
 + Level 0.5(2.3) Maces & Flails
 + Level 3.9 Armour
 + Level 2.4 Dodging
 + Level 4.6 Shields


You had 6 spell levels left.
You didn't know any spells.

Dungeon Overview and Level Annotations

Branches:
Dungeon (5/15)
 Temple: D:4-7

Annotations:
D:5 Menkaure


Innate Abilities, Weirdness & Mutations

You have an increased reservoir of magic (+10% MP).
Your attributes are resistant to harm.


Message History

Menkaure calls on the powers of darkness!
The adder convulses!
Your body is wracked with pain!
* * * LOW HITPOINT WARNING * * *
The centaur convulses!
The adder closely misses you.
Your shield and chain mail prevent you from hitting the adder.
The adder is severely wounded.
You hit the centaur but do no damage.
The centaur is severely wounded.
The centaur barely misses you. You block the adder's attack.
The centaur hits you but does no damage.
The adder bites you but does no damage.
You hit the centaur.
The centaur is almost dead.
You hit the adder but do no damage.
The adder is severely wounded.
The centaur hits you but does no damage.
You block the adder's attack. The centaur hits you.
* * * LOW HITPOINT WARNING * * *
Menkaure hits you!
You die...

#+###############
.....!M.((......#
......S@#######.#
......c.# #.########
........#######.##.....#
........#..............#
........#..............#
........#..............#
........#...........(..#
######+##..............#
#.##.............##


You could see Menkaure, a centaur and an adder.

Vanquished Creatures
  2 sky beasts (D:5)
  A centaur (D:4)
  A scorpion (D:4)
  A hound (D:4)
  An orc wizard (D:4)
  An orc priest (D:3)
  Terence (D:2)
  An iguana (D:4)
  3 worker ants (D:4)
  Robin (D:4)
  5 adders
  An adder skeleton (D:4)
  4 worms
  2 dart slugs
  4 giant geckos
  8 orcs
  2 ball pythons
  3 giant cockroaches
  12 goblins
  12 hobgoblins
  5 jackals
  4 quokkas
  3 bats
  A giant gecko skeleton (D:4)
  A giant newt (D:1)
  A kobold (D:3)
  11 rats
92 creatures vanquished.

Notes
Turn   | Place    | Note
--------------------------------------------------------------
     0 | D:1      | dvd the Demigod Fighter began the quest for the Orb.
     0 | D:1      | Reached XP level 1. HP: 18/18 MP: 3/3
   368 | D:1      | Found a sparkling altar of Nemelex Xobeh.
   381 | D:1      | Reached XP level 2. HP: 25/25 MP: 4/4
   878 | D:2      | Reached XP level 3. HP: 28/31 MP: 5/5
  1010 | D:2      | Noticed Terence
  1028 | D:2      | Killed Terence
  1261 | D:3      | Reached skill level 1 in Dodging
  1261 | D:3      | Reached XP level 4. HP: 35/38 MP: 6/6
  1707 | D:3      | Found an oddly glowing altar of Pakellas.
  2202 | D:4      | Noticed Robin
  2203 | D:4      | Reached XP level 5. HP: 45/45 MP: 7/7
  2222 | D:4      | Killed Robin
  2351 | D:4      | Noticed a centaur
  2362 | D:4      | Killed a centaur
  2362 | D:4      | Reached XP level 6. HP: 42/52 MP: 8/8
  2956 | D:5      | Entered Level 5 of the Dungeon
  3003 | D:5      | Found a radiant altar of Vehumet.
  3005 | D:5      | Found an ancient bone altar of Kikubaaqudgha.
  3006 | D:5      | Found a deep blue altar of Sif Muna.
  3010 | D:5      | Identified Kikubaaqudgha's Volume of Darkness
  3158 | D:5      | Reached XP level 7. HP: 41/59 MP: 9/9
  3277 | D:5      | Noticed Menkaure
  3284 | D:5      | Slain by Menkaure

Vault maps used:
D:1:      minmay_arrival_up_and_down, st_stairs_7,
          nemelex_xobeh_ov_fountains_minmay
D:2:      uniq_terence
D:3:      grunt_pakellas_salt
D:4:      first_bread, uniq_robin
D:5:      grunt_temple_overflow_magic_moments, fedhas_altar_fruit_tree,
          uniq_eustachio, uniq_menkaure

Skill      XL: |  1  2  3  4  5  6 |
---------------+-------------------+-----
Shields        | 3 4 |  4.6
Axes           | 2 3 |  3.6
Fighting       | 3 4 |  4.2
Armour         | 3 |  3.9
Dodging        | 1 2 |  2.4
Maces & Flails | |  0.5

Action                   |  1- 3 |  4- 6 |  7- 9 || total
-------------------------+-------+-------+-------++-------
Melee: War axe           |   117 |   199 |     5 ||   321
       Morningstar       |       |    45 |       ||    45
  Use: Potion            |       |     4 |       ||     4
  Eat: Chunk             |     1 |     7 |       ||     8
